 Dungeon Crawl Stone Soup version 0.18-a0-1655-ge2d8d33 (webtiles) character file.

114 Chiseanne the Skirmisher (level 4, -5/38 HPs)
             Began as a Demonspawn Monk on Mar 30, 2016.
             Killed from afar by a white imp (6 damage)
             ... with a puff of frost
             ... summoned by Natasha
             ... on level 3 of the Dungeon.
             The game lasted 00:08:09 (2469 turns).

Chiseanne the Skirmisher (Demonspawn Monk)          Turns: 2469, Time: 00:08:10

Health: -5/38      AC:  4    Str: 12    XL:     4   Next: 66%
Magic:  4/4        EV: 13    Int: 11    God:
Gold:   74         SH:  0    Dex: 16    Spells: 0 memorised, 3 levels left

rFire  . . .     SeeInvis .       - Unarmed
rCold  . . .     Gourm    .     e - +0 leather armour
rNeg   . . .     Faith    .     (no shield)
rPois  .         Spirit   .     (no helmet)
rElec  .         Dismiss  .     (no cloak)
rCorr  +         Reflect  .     (no gloves)
SustAt .         Harm     .     (no boots)
MR     .....                    (no amulet)
Stlth  ++........               (no ring)
                                a - ring of resist corrosion

@: slowed, very slow, not resistant to hostile enchantments, unstealthy
A: molten scales 1, powered by death 1
a: no special abilities


You were on level 3 of the Dungeon.
You were not hungry.

You visited 1 branch of the dungeon, and saw 3 of its levels.

You collected 74 gold pieces.

Inventory:

Missiles
 k - 30 bolts
 q - 15 sling bullets
Armour
 e - a +0 leather armour (worn)
 r - a +0 large shield
 s - a +0 cloak
Jewellery
 a - a ring of resist corrosion (left hand)
 c - a +3 ring of dexterity {unknown}
Scrolls
 d - 2 scrolls of blinking
 n - a scroll of teleportation
 t - a scroll of remove curse
Potions
 f - 2 potions of curing
 i - a potion of might {unknown}
 j - 2 potions of brilliance
 l - a potion of lignification {unknown}
 m - a potion of experience {unknown}
 o - a potion of magic {unknown}
Comestibles
 b - 2 bread rations
 h - a meat ration
 u - a slice of pizza


   Skills:
 * Level 4.4 Fighting
 * Level 3.9 Dodging
 - Level 1.7 Stealth
 * Level 0.1 Shields
 - Level 3.6 Unarmed Combat


You had 3 spell levels left.
You didn't know any spells.

Dungeon Overview and Level Annotations

Branches:
Dungeon (3/15)

Altars:
Trog
Vehumet

Annotations:
D:2 Terence
D:3 Natasha


Innate Abilities, Weirdness & Mutations

You are partially covered in molten scales (AC +1).
You regenerate a little health from kills.


Message History

The white imp hits you but does no damage.
The white imp closely misses you.
You hit Natasha.
Natasha is almost dead.
The white imp misses you. Natasha claws you.
The white imp hits you but does no damage.
Natasha barely misses you. The white imp barely misses you.
You miss Natasha.
Natasha is almost dead.
The white imp disappears in a puff of smoke!
The white imp closely misses you.
Natasha zaps a wand.
The puff of flame hits you!
* * * LOW HITPOINT WARNING * * *
You closely miss Natasha.
Natasha is almost dead.
The white imp barely misses you. Natasha claws you.
* * * LOW HITPOINT WARNING * * *
The white imp gestures at you. The puff of frost hits you!
You die...

...#.#.##......#
####.#.........#
#...........#
####...........##
..##.......###..#
..###....### ##.## ..#
#....# #..# ..# +....#
##.####+#... ..#
#...## #@.†....... ..#
#...#......h5...).....
### .................
.................
.....###.........
...#. ##.##+#... ####
#.# ... #.. ..


You could see Natasha and a white imp.

Vanquished Creatures
  Jessica (D:2)
  3 oozes
  A giant gecko (D:1)
  5 orcs (D:3)
  8 bats
  5 giant cockroaches
  10 goblins
  9 hobgoblins
  4 jackals (D:2)
  2 giant newts (D:2)
  7 kobolds
  8 rats
63 creatures vanquished.

Notes
Turn   | Place    | Note
--------------------------------------------------------------
     0 | D:1      | Chiseanne the Demonspawn Monk began the quest for the Orb.
     0 | D:1      | Reached XP level 1. HP: 18/18 MP: 1/1
   446 | D:1      | Gained mutation: You regenerate a little health from kills. [demonic ancestry]
   446 | D:1      | Reached XP level 2. HP: 22/24 MP: 2/2
   681 | D:1      | Reached XP level 3. HP: 16/30 MP: 3/3
  1088 | D:2      | Noticed Terence
  1127 | D:2      | Noticed Jessica
  1153 | D:2      | Killed Jessica
  1153 | D:2      | Reached skill level 4 in Fighting
  1153 | D:2      | Gained mutation: You are partially covered in molten scales (AC +1). [demonic ancestry]
  1153 | D:2      | Reached XP level 4. HP: 35/37 MP: 4/4
  2128 | D:2      | Found a radiant altar of Vehumet.
  2143 | D:2      | Found a bloodstained altar of Trog.
  2444 | D:3      | Noticed Natasha
  2469 | D:3      | HP: 1/38 [Natasha (6)]
  2469 | D:3      | Killed from afar by a white imp

Vault maps used:
D:1:      minmay_arrival_stone_box, minmay_misc_feat_room,
          grunt_decor_arrowhead, minmay_circled_x
D:2:      nicolae_overflow_hidden_temple, hangedman_decor_clover_reticule,
          lemuel_statue_altar, uniq_jessica, uniq_terence
D:3:      nicolae_overflow_crystal_walls, first_bread,
          kennysheep_generic_room_10, uniq_natasha

Skill      XL: |  1  2  3 |
---------------+----------+-----
Dodging        | 3 |  3.9
Fighting       | 4 |  4.4
Stealth        | |  1.7
Shields        | |  0.1
Unarmed Combat | |  3.6

Action                   |  1- 3 |  4- 6 || total
-------------------------+-------+-------++-------
Melee: Unarmed           |   149 |   121 ||   270
  Use: Scroll            |     3 |     5 ||     8
       Potion            |       |     4 ||     4
 Stab: Sleeping          |     2 |     2 ||     4
  Eat: Chunk             |     1 |     4 ||     5
